 Dungeon Crawl Stone Soup version 0.26-a0-651-gb41185065b (webtiles) character file.

Game seed: 4060137734743445076

67 Alarkh the Insei (level 4, 32/32 HPs)
             Began as a Demonspawn Transmuter on Oct 30, 2020.
             Got out of the dungeon alive.
             The game lasted 00:01:16 (1933 turns).

Alarkh the Insei (Demonspawn Transmuter)            Turns: 1933, Time: 00:01:16

Health: 32/32      AC:  2    Str: 10    XL:     4   Next: 0%
Magic:  7/7        EV: 12    Int: 15    God:
Gold:   97         SH:  0    Dex: 14    Spells: 6/7 levels left

rFire    . . .     SeeInvis .     - Unarmed
rCold    . . .     Faith    .   (no shield)
rNeg     . . .     Spirit   .   a - +0 robe
rPois    .         Reflect  .   (no helmet)
rElec    .         Harm     .   (no cloak)
rCorr    .         Rampage  .   (no gloves)
MR       .....                  (no boots)
Stlth    +.........             (no amulet)
HPRegen  0.10/turn              (no ring)
MPRegen  0.10/turn              (no ring)

@: no status effects
A: claws 1, powered by pain 1, rot immunity
a: no special abilities


You escaped.
You visited 1 branch of the dungeon, and saw 2 of its levels.

You collected 97 gold pieces.

Inventory:

Armour
 a - a +0 robe (worn)
Scrolls
 b - a scroll of identify {unknown}
 f - a scroll of remove curse {unknown}
 g - a scroll of fog {unknown}
 h - a scroll of amnesia {unknown}
 j - a scroll of enchant armour {unknown}
 l - a scroll of fear {unknown}
Potions
 c - 2 potions of curing {unknown}
 d - 2 potions of heal wounds {unknown}
 e - a potion of haste {unknown}
 i - 3 potions of mutation {unknown}
 k - a potion of magic {unknown}


   Skills:
 - Level 1.0 Fighting
 - Level 1.7 Dodging
 + Level 4.4 Unarmed Combat
 - Level 2.0 Spellcasting
 - Level 1.7 Transmutations


You had 6 spell levels left.
You knew the following spells:

 Your Spells              Type           Power        Failure   Level
a - Beastly Appendage     Tmut           #.....       11%         1

Your spell library contained the following spells:

 Spells                   Type           Power        Failure   Level
 Wereblood                Tmut           #.......     16%         2
 Spider Form              Tmut/Pois      #.........   43%         3
 Ice Form                 Ice/Tmut       #.......     83%         4
 Blade Hands              Tmut           #.........   96%         5


Dungeon Overview and Level Annotations

Branches:
Dungeon (2/15)

Altars:
Qazlal


Innate Abilities, Weirdness & Mutations

You have sharp fingernails.
You sometimes gain a little power by taking damage.
You are immune to rotting.


Message History

You claw the worm!
You kill the worm!
You have reached level 4!
You feel agile.
Your demonic ancestry asserts itself...
You feel immune to rotting.
You now have 97 gold pieces (gained 15).
Things that are here:
2 stones; a kobold corpse As you open the door, it creaks loudly!
There is an open door here.
Found a stone staircase leading up.
Found 9 bolts.
There is a stone staircase leading up here.
You climb upwards.
There is a stone staircase leading down here.
HP restored.
The wolf howls!
There is a staircase leading out of the dungeon here.
Are you sure you want to leave the Dungeon?
This will make you lose the game!
You have escaped!

#.##..#########.........
#.##..#########..#######
#.##.............#
#.##.#####.####..#
#.##.# #.# #..#######
#.##.# ##.## #.........
#.##.# #...# #..#######
#.#################.....
#.# #@........########
#.# ##########....# #
#.###....[........# ##
#.#...............#####.
#.#.8..#######..8.#....#
#.#....#htshw#....#####.
#.#.8..#######..8.# ##
#.#.[.............# #
#.###.8.......8.###


There were no monsters in sight!

Vanquished Creatures
  2 adders (D:2)
  An ooze (D:1)
  A worm (D:2)
  2 giant cockroaches
  4 goblins
  9 hobgoblins
  A quokka (D:2)
  A ball python (D:1)
  4 bats
  6 frilled lizards
  4 kobolds
  7 rats (D:1)
42 creatures vanquished.

Notes
Turn   | Place    | Note
-------+----------+-------------------------------------------
     0 | D:1      | Alarkh the Demonspawn Transmuter began the quest for the
                  | Orb.
     0 | D:1      | Reached XP level 1. HP: 15/15 MP: 3/3
     6 | D:1      | Noticed a redback
     6 | D:1      | Noticed a polar bear
     6 | D:1      | Noticed a swamp worm
     7 | D:1      | Noticed a wolf
     7 | D:1      | Noticed a crocodile
   218 | D:1      | Reached skill level 3 in Unarmed Combat
   353 | D:1      | Gained mutation: You have sharp fingernails. [demonic
                  | ancestry]
   353 | D:1      | Reached XP level 2. HP: 2/21 MP: 5/5
  1269 | D:1      | Gained mutation: You sometimes gain a little power by
                  | taking damage. [demonic ancestry]
  1269 | D:1      | Reached XP level 3. HP: 26/26 MP: 6/6
  1487 | D:2      | Found a stormy altar of Qazlal.
  1586 | D:2      | Reached skill level 4 in Unarmed Combat
  1824 | D:2      | Gained mutation: You are immune to rotting. [demonic
                  | ancestry]
  1824 | D:2      | Reached XP level 4. HP: 27/32 MP: 7/7
  1933 | D:$      | Got out of the dungeon alive.

Illustrated notes

Levels and vault maps discovered:
D:1:      onia_arrival_zoo_common, layout_loops_ring
D:2:      layout_loops_corners, overflow_temple_1_default,
          overflow_temple_1_default, minivault_26

Skill      XL: |  1  2  3 |
---------------+----------+-----
Unarmed Combat | 3 4 |  4.4
Fighting       | |  1.0
Dodging        | |  1.7
Spellcasting   | |  2.0
Transmutations | |  1.7

Action                   |  1- 3 |  4- 6 || total
-------------------------+-------+-------++-------
Melee: Unarmed           |   180 |       ||   180
 Stab: Sleeping          |     2 |       ||     2
Armor: Robe              |    24 |       ||    24
Dodge: Dodged            |    93 |       ||    93

Table legend: (Time is in decaauts)
 A = Elapsed time spent in this place.
 B = Non-inter-level travel time spent in this place.
 C = Inter-level travel time spent in this place.
 D = Time resting spent in this place.
 E = Time spent auto-exploring this place.
 F = Levels seen in this place.
 G = Mean time per level.
                   A        B        C        D        E       F      G
               +--------+--------+--------+--------+--------+-----+--------+
         Total |   1921 |   1813 |    108 |    441 |   1080 |   2 |  960.5 |
       Dungeon |   1921 |   1813 |    108 |    441 |   1080 |   2 |  960.5 |
               +--------+--------+--------+--------+--------+-----+--------+

Top non-repeatable levels by time:
     D:1: 1472 daAuts
     D:2: 449 daAuts
